 Dungeon Crawl Stone Soup version 0.27-a0-124-g19cb506db8 (webtiles) character file.

Game seed: 15534209560112503174

3081 jasper the Conjurer (level 9, -6/4 (66) HPs)
             Began as a Palentonga Air Elementalist on Jan 25, 2021.
             Was a Believer of Cheibriados.
             Mangled by an ogre
             ... wielding a +0 giant spiked club
              (10 damage)
             ... on level 7 of the Dungeon.
             The game lasted 00:16:40 (8981 turns).

jasper the Conjurer (Palentonga Air Elementalist)   Turns: 8981, Time: 00:16:40

HP:   -6/4 (66)     AC: 22    Str: 17    XL:     9   Next: 58%
MP:   23/23         EV:  9    Int: 25    God:    Cheibriados [**....]
Gold: 254           SH: 10    Dex: 17    Spells: 2/15 levels left

rFire    . . .     SeeInvis +   k - +1 falchion (holy)
rCold    . . .     Faith    .   b - +0 kite shield
rNeg     . . .     Spirit   .   m - +3 leather armour
rPois    .         Reflect  .   d - +2 hat
rElec    .         Harm     .   o - +0 cloak
rCorr    .         Rampage  .   I - +0 pair of gloves
Will     .....                  (no barding)
Stlth    ++........             (no amulet)
HPRegen  0.01/turn              C - ring of magical power
MPRegen  0.18/turn              y - +4 ring of protection

@: extremely drained, curled up, very slow
A: large, rugged brown scales 3, see invisible, deformed body, roll 1, armoured
tail, reflexive curl
a: Rolling Charge, Renounce Religion, Bend Time


You were on level 7 of the Dungeon.
You worshipped Cheibriados.
Cheibriados was pleased with you.
You visited 2 branches of the dungeon, and saw 9 of its levels.

You collected 431 gold pieces.
You spent 177 gold pieces at shops.

Inventory:

Hand Weapons
 j - a +0 short sword
 k - a +1 falchion of holy wrath (weapon)
 n - a +3 quarterstaff of chaos
Missiles
 e - 20 poisoned darts (quivered)
 J - 2 throwing nets
Armour
 a - a +0 robe
 b - a +0 kite shield (worn)
 d - a +2 hat (worn)
 g - a +0 leather armour
 m - a +3 leather armour (worn)
 o - a +0 cloak (worn)
 x - a +0 buckler
 I - a +0 pair of gloves (worn)
Jewellery
 y - a +4 ring of protection (right hand)
 C - a ring of magical power (left hand)
 K - a +4 ring of evasion
Wands
 i - a wand of flame (20)
 L - a wand of digging (2)
Scrolls
 c - 3 scrolls of immolation {unknown}
 f - 3 scrolls of remove curse
 q - 2 scrolls of enchant weapon {unknown}
 r - 3 scrolls of fog {unknown}
 s - 3 scrolls of random uselessness {unknown}
 t - 7 scrolls of teleportation
 w - 2 scrolls of blinking
 D - a scroll of brand weapon {unknown}
 G - a scroll of acquirement {unknown}
 H - 2 scrolls of fear {unknown}
Potions
 l - 3 potions of might
 p - a potion of berserk rage
 u - 3 potions of curing
 v - 3 potions of heal wounds
 z - 2 potions of ambrosia {unknown}
 A - 2 potions of resistance {unknown}
 B - a potion of lignification {unknown}
 E - a potion of mutation {unknown}
 F - a potion of brilliance {unknown}


   Skills:
 - Level 1.0 Armour
 - Level 1.5 Dodging
 - Level 1.2 Stealth
 * Level 5.6 Shields
 + Level 3.8 Spellcasting
 + Level 6.5 Conjurations
 + Level 6.4 Air Magic
 + Level 3.7 Invocations


You had 2 spell levels left.
You knew the following spells:

 Your Spells              Type           Power        Failure   Level
a - Shock                 Conj/Air       100%         1%          1
b - Static Discharge      Conj/Air       37%          4%          3
c - Airstrike             Air            18%          16%         4
d - Lightning Bolt        Conj/Air       18%          38%         5

Your spell library contained the following spells:

 Spells                   Type           Power        Failure   Level
 Swiftness                Air            37%          2%          2


Dungeon Overview and Level Annotations

Branches:
Dungeon (8/15)             Temple (1/1) D:5
   Lair: D:8-11

Altars:
Ashenzari
Cheibriados
Dithmenos
Elyvilon
Fedhas
Gozag
Hepliaklqana
Kikubaaqudgha
Makhleb
Nemelex Xobeh
Okawaru
Qazlal
Ru
Sif Muna
Trog
Uskayaw
Vehumet
Wu Jian
Xom
Yredelemnul
Zin
The Shining One

Shops:
D:4 ?}?*}   D:8 [

Annotations:
D:3 Purgy
D:8 Maurice


Innate Abilities, Weirdness & Mutations

You are completely covered in rugged brown scales. (AC +3, +7% HP)
You have supernaturally acute eyesight. (SInv)
Armour fits poorly on your strangely shaped body.
You can roll at nearby foes to attack.
You have a long armoured tail.
You curl defensively after being hit.


Message History

Casting: Shock (safe; 1% risk of failure)
Confirm with . or Enter, or press ? or * to list all spells.
Aiming: Shock (safe; 1% risk of failure)
Press: ? - help, Shift-Dir - straight line, f/p - ogre
Aim: an ogre, wielding a +0 giant spiked club (12% to evade)
The zap hits the ogre!
The ogre is moderately wounded.
You now have 21/23 mp.
You block the ogre's attack.
You climb upwards.
There is a stone staircase leading down here.
The ogre barely misses you.
You riposte.
You barely miss the ogre.
The ogre is moderately wounded.
You block the ogre's attack.
MP restored: 23 You block the ogre's attack.
The ogre closely misses you.
The ogre hits you with a +0 giant spiked club!
Ouch! That really hurt!
You die...

#..### ###...## ##.#######..#[
##...# #....# #...........)#
###.## ###..#####...######..[#
#..####...........## #...)#
#.......#..#####.## ##....#
##............##.# ####.....#
###.#####..#....###....#.... #.#
#.O..##.......))..#.
##.#####..@#######.###)....
#######>....#......#..........)..
...[..#..............###.####....
......#.....######..####.##......
............#≈§§§#...............
......#.....#≈§§§'............#.#
......#.....#≈)§§'............#.#
......#.....#§≈≈§#...........##..
......#.....######....##.#..###..


You could see an ogre.

Vanquished Creatures
  Prince Ribbit (D:5)
  Menkaure (D:5)
  A water moccasin (D:5)
  A sky beast (D:7)
  4 ogres
  A phantom (D:7)
  A big kobold (D:7)
  A bullfrog (D:7)
  A gnoll sergeant (D:7)
  4 scorpions
  12 killer bees
  3 jellies
  5 wights (D:6)
  An electric eel (D:6)
  A howler monkey (D:4)
  3 bullfrog zombies
  Crazy Yiuf (D:2)
  An orc priest (D:8)
  2 bullfrog skeletons
  A hound (D:7)
  5 orc wizards
  3 iguanas
  A worker ant (D:4)
  2 hound skeletons
  8 adders
  11 gnolls
  An ufetubus (D:5)
  2 oozes
  3 adder zombies
  2 adder skeletons (D:4)
  4 worms
  2 dart slugs
  8 leopard geckos
  22 orcs
  A ball python (D:2)
  3 giant cockroaches
  5 goblins
  8 hobgoblins
  3 jackals (D:1)
  4 quokkas
  3 bats
  2 frilled lizards
  8 kobolds
  A quokka skeleton (D:4)
  3 rats (D:3)
161 creatures vanquished.

Vanquished Creatures (others)
  An orc (D:4)
  A quokka skeleton (D:4)
  A withered plant (D:4)
3 creatures vanquished.

Grand Total: 164 creatures vanquished

Notes
Turn   | Place    | Note
-------+----------+-------------------------------------------
     0 | D:1      | jasper the Palentonga Air Elementalist began the quest for
                  | the Orb.
     0 | D:1      | Reached XP level 1. HP: 14/14 MP: 3/3
    18 | D:1      | Reached skill level 1 in Conjurations
   122 | D:1      | Reached XP level 2. HP: 19/21 MP: 1/5
   932 | D:2      | Reached XP level 3. HP: 27/27 MP: 6/6
   936 | D:2      | Learned a level 3 spell: Static Discharge
  1417 | D:2      | Reached XP level 4. HP: 35/35 MP: 4/7
  2551 | D:2      | Found a runed translucent door.
  2552 | D:2      | Noticed Crazy Yiuf
  2564 | D:2      | Killed Crazy Yiuf
  3205 | D:3      | Reached XP level 5. HP: 38/40 MP: 5/8
  3316 | D:3      | Noticed Purgy
  3536 | D:4      | Noticed an ogre
  3554 | D:4      | Reached skill level 1 in Armour
  3583 | D:4      | Killed an ogre
  3584 | D:4      | Reached XP level 6. HP: 32/48 MP: 0/9
  3806 | D:4      | Found Woqiu's Gadget Boutique.
  3875 | D:4      | Found Ocleoni's Gadget Boutique.
  3994 | D:4      | Gained mutation: You curl defensively after being hit.
                  | [Palentonga growth]
  3994 | D:4      | Reached XP level 7. HP: 4/53 MP: 10/10
  4250 | D:4      | Found Simit's Magic Scroll Shop.
  4254 | D:4      | Bought a scroll of blinking for 75 gold pieces
  4313 | D:4      | Learned a level 4 spell: Airstrike
  4388 | D:4      | Found Vuenipal's Magic Scroll Emporium.
  4396 | D:4      | Bought a scroll of teleportation for 36 gold pieces
  4396 | D:4      | Bought a scroll of teleportation for 36 gold pieces
  4419 | D:4      | Reached skill level 5 in Air Magic
  4568 | D:4      | Found Qyofor's General Store.
  4576 | D:4      | Bought a scroll of teleportation for 30 gold pieces
  4707 | D:5      | Entered Level 5 of the Dungeon
  4845 | D:5      | Reached skill level 1 in Shields
  5031 | D:5      | Found a staircase to the Ecumenical Temple.
  5042 | Temple   | Entered the Ecumenical Temple
  5123 | Temple   | Became a worshipper of Cheibriados the Contemplative
  5287 | D:5      | Reached skill level 5 in Conjurations
  5667 | D:5      | Noticed Prince Ribbit
  5667 | D:5      | Noticed Menkaure
  5670 | D:5      | Killed Prince Ribbit
  5671 | D:5      | Reached XP level 8. HP: 60/60 MP: 11/11
  5677 | D:5      | Killed Menkaure
  6171 | D:6      | Reached skill level 1 in Invocations
  6215 | D:6      | Reached * piety under Cheibriados
  7354 | D:7      | Reached XP level 9. HP: 66/66 MP: 13/13
  7691 | D:7      | Reached ** piety under Cheibriados
  7704 | D:7      | Reached skill level 5 in Shields
  7848 | D:7      | Learned a level 5 spell: Lightning Bolt
  8366 | D:7      | Found a broken altar of Ashenzari.
  8594 | D:8      | Found Mavuvoza's Armour Boutique.
  8595 | D:8      | Noticed Maurice
  8981 | D:7      | Mangled by an ogre

Illustrated notes

Levels and vault maps discovered:
D:1:      dpeg_arrival_yet_another_circle, layout_rooms
D:2:      layout_loops_ring, uniq_crazy_yiuf_cottage
D:3:      layout_basic, uniq_purgy, uniq_natasha
D:4:      layout_cave_pools, serial_shops, shop, shop, kennysheep_little_box,
          shop_coins, nicolae_shop_window_shopping, serial_undead,
          serial_undead_a, serial_undead_e, serial_undead_d, serial_undead_a,
          serial_undead_a
D:5:      layout_gridville, minmay_temple_entry_grid, uniq_prince_ribbit1,
          uniq_menkaure
D:6:      layout_gridville, serial_shops, nicolae_shop_crystal, kennysheep_boxes
D:7:      layout_rooms, general_overflow_altar, water_maze_lemuel
D:8:      layout_basic, serial_shops, nicolae_shop_window_shopping, uniq_maurice
Temple:   grunt_wide_crystal_templ

Skill      XL: |  1  2  3  4  5  6  7  8  9 |
---------------+----------------------------+-----
Conjurations   | 1 2 3 4 5 6 |  6.5
Air Magic      | 3 4 5 6 |  6.4
Armour         | 1 |  1.0
Shields        | 3 4 5 |  5.6
Invocations    | 2 3 |  3.7
Spellcasting   | 3 |  3.8
Dodging        | |  1.5
Stealth        | |  1.2

Action                   |  1- 3 |  4- 6 |  7- 9 || total
-------------------------+-------+-------+-------++-------
Melee: Unarmed           |    10 |       |       ||    10
       Tailslap          |     5 |    13 |    31 ||    49
       Short sword       |    37 |    91 |       ||   128
       Falchion          |       |    28 |   170 ||   198
Throw: Dart              |    73 |    61 |    51 ||   185
 Cast: Shock             |    22 |    44 |    45 ||   111
       Static Discharge  |       |     1 |    40 ||    41
Evoke: Wand              |       |       |     7 ||     7
  Use: Scroll            |     3 |     1 |     7 ||    11
       Potion            |       |     2 |     3 ||     5
 Stab: Invisible         |       |     1 |     1 ||     2
Armor: Robe              |    32 |    22 |       ||    54
       Leather armour    |       |    43 |   138 ||   181
Dodge: Dodged            |    63 |    88 |   131 ||   282
Block: Kite shield       |       |       |    61 ||    61
       Rpst.: Falchion   |       |     6 |    33 ||    39

Table legend: (Time is in decaauts)
 A = Elapsed time spent in this place.
 B = Non-inter-level travel time spent in this place.
 C = Inter-level travel time spent in this place.
 D = Time resting spent in this place.
 E = Time spent auto-exploring this place.
 F = Levels seen in this place.
 G = Mean time per level.
                   A        B        C        D        E       F      G
               +--------+--------+--------+--------+--------+-----+--------+
         Total |   9712 |   9342 |    370 |   1630 |   6139 |   9 | 1079.1 |
       Dungeon |   9620 |   9268 |    352 |   1630 |   6068 |   8 | 1202.5 |
        Temple |     91 |     74 |     17 |      0 |     71 |   1 |   91.0 |
               +--------+--------+--------+--------+--------+-----+--------+

Top non-repeatable levels by time:
     D:2: 1991 daAuts
     D:7: 1989 daAuts
     D:6: 1507 daAuts
     D:5: 1392 daAuts
     D:4: 1164 daAuts
     D:1: 898 daAuts
     D:3: 654 daAuts
  Temple: 91 daAuts
     D:8: 21 daAuts
